 Dungeon Crawl Stone Soup version 0.28.0-49-g6dfe1f597d (webtiles) character file.

Game seed: 10397376079173867435

158245 Peloso the Peltast (level 17, -5/161 HPs)
             Began as a Minotaur Fighter on May 11, 2022.
             Was the Champion of Okawaru.
             Killed from afar by a merfolk aquamancer (30 damage)
             ... with a shard of ice
             ... on level 4 of the Shoals.
             The game lasted 01:20:34 (36679 turns).

Peloso the Peltast (Minotaur Fighter)              Turns: 36679, Time: 01:20:34

Health: -5/161     AC: 26    Str: 26    XL:     17   Next: 14%
Magic:  18/18      EV: 15    Int: 27    God:    Okawaru [******]
Gold:   1695       SH: 24    Dex: 21    Spells: 16/16 levels left

rFire   . . .      SeeInvis .   a - +10 double sword "Gegeo" {venom, Int+10}
rCold   . . .      Faith    .   c - +0 kite shield
rNeg    . . .      Spirit   .   p - +0 plate armour {Will+}
rPois   .          Reflect  +   K - +1 hat {Will+}
rElec   .          Harm     .   d - +2 cloak "Forget-Me-Not" {Int+6}
rCorr   .          Rampage  .   (no gloves)
Will    +++..                   S - +0 pair of boots
Stlth   ..........              z - amulet of reflection
HPRegen 0.36/turn               s - ring "Witaugit" {Int+6 Dex+8 Slay+3}
MPRegen 0.16/turn               I - +4 ring of slaying

@: heroic, very slow
A: horns 2, retaliatory headbutt
a: Renounce Religion, Heroism, Finesse, Duel


You were on level 4 of the Shoals.
You worshipped Okawaru.
Okawaru was exalted by your worship.
You visited 4 branches of the dungeon, and saw 27 of its levels.
You also visited: Bailey and Gauntlet.

You collected 2508 gold pieces.
You spent 813 gold pieces at shops.

Inventory:

Hand Weapons
 a - the +10 double sword "Gegeo" (weapon) {venom, Int+10}
   (Okawaru gifted it to you on level 3 of the Lair of Beasts)

   It poisons the flesh of those it strikes.
   Int:       It affects your intelligence (+10).
 b - a +1 double sword of holy wrath
 l - a +2 hand crossbow of freezing
 q - a +0 scimitar of flaming
Missiles
 M - 4 throwing nets (quivered)
Armour
 c - a +0 kite shield (worn)
 d - the +2 cloak "Forget-Me-Not" (worn) {Int+6}
   (You bought it in a shop on level 2 of the Orcish Mines)

   Int:       It affects your intelligence (+6).
 p - a +0 plate armour of willpower (worn)
 K - a +1 hat of willpower (worn)
 P - a +0 chain mail of fire resistance
 S - a +0 pair of boots (worn)
Jewellery
 s - the ring "Witaugit" (left hand) {Int+6 Dex+8 Slay+3}
   (You found it in a Gauntlet)

   [ring of intelligence]

   Int:       It affects your intelligence (+6).
   Dex:       It affects your dexterity (+8).
   Slay:      It affects your accuracy & damage with ranged weapons and melee
   (+3).
 x - a ring of ice
 y - a ring of positive energy
 z - an amulet of reflection (around neck)
 A - a +6 ring of dexterity
 I - a +4 ring of slaying (right hand)
 J - a ring of protection from fire
 N - an amulet of regeneration
 X - a +4 ring of protection
Wands
 i - a wand of acid (11)
 r - a wand of flame (8)
 v - a wand of mindburst (15)
 O - a wand of paralysis (4)
 Y - a wand of digging (2)
Scrolls
 e - a scroll of acquirement
 f - 5 scrolls of teleportation
 g - 12 scrolls of blinking
 j - 4 scrolls of noise {unknown}
 t - a scroll of holy word
 u - 2 scrolls of vulnerability {unknown}
 w - a scroll of amnesia
 B - 6 scrolls of fear
 C - 18 scrolls of identify {unknown}
 E - 9 scrolls of immolation
 F - 2 scrolls of brand weapon {unknown}
 L - 2 scrolls of silence {unknown}
 R - 2 scrolls of magic mapping
Potions
 h - a potion of heal wounds
 k - 5 potions of brilliance {unknown}
 m - 5 potions of curing
 n - 5 potions of lignification {unknown}
 o - 3 potions of attraction {unknown}
 D - 2 potions of invisibility {unknown}
 G - a potion of experience {unknown}
 H - 3 potions of might
 Q - 2 potions of flight {unknown}
 T - a potion of cancellation {unknown}
 U - a potion of resistance {unknown}
 V - 2 potions of haste
 W - a potion of ambrosia
 Z - 2 potions of magic {unknown}


   Skills:
 + Level 17.0(22.0) Fighting
 + Level 19.5(24.5) Long Blades
 + Level 2.0(7.0) Staves
 + Level 16.5(21.5) Armour
 + Level 6.4(11.4) Dodging
 + Level 3.8(8.8) Stealth
 + Level 20.1(25.1) Shields
 + Level 3.2 Invocations
 + Level 2.0 Evocations


You had 16 spell levels left.
You didn't know any spells.
Your spell library contained the following spells:

 Spells                   Type           Power      Damage    Failure   Level
 Apportation              Tloc           0%         N/A       50%         1
 Beastly Appendage        Tmut           0%         N/A       50%         1
 Magic Dart               Conj           0%         1d3       50%         1
 Ensorcelled Hibernation  Hex/Ice        0%         N/A       65%         2
 Passwall                 Tmut/Erth      0%         N/A       65%         2
 Static Discharge         Conj/Air       0%         N/A       65%         2
 Wereblood                Tmut           0%         N/A       65%         2
 Dazzling Flash           Conj/Hex       0%         N/A       86%         3
 Gell's Gravitas          Tloc           0%         N/A       86%         3
 Mephitic Cloud           Conj/Pois/Air  0%         N/A       86%         3
 Ozocubu's Armour         Ice            0%         N/A       86%         3
 Spider Form              Tmut/Pois      0%         N/A       86%         3
 Stone Arrow              Conj/Erth      0%         3d7       86%         3
 Swiftness                Air            0%         N/A       86%         3
 Teleport Other           Tloc           0%         N/A       86%         3
 Anguish                  Hex/Necr       0%         N/A       99%         4
 Iskenderun's Mystic Bla  Conj/Tloc      0%         2d3       99%         4
 Petrify                  Tmut/Erth      0%         N/A       99%         4
 Lightning Bolt           Conj/Air       0%         1d11      100%        5
 Metabolic Englaciation   Hex/Ice        0%         N/A       100%        5
 Dispersal                Tloc           0%         N/A       100%        6
 Starburst                Conj/Fire      0%         6d3       100%        6
 Statue Form              Tmut/Erth      0%         N/A       100%        6
 Disjunction              Tloc           0%         N/A       100%        8
 Lehudib's Crystal Spear  Conj/Erth      0%         10d2      100%        8
 Maxwell's Capacitive Co  Air            0%         ∞         100%        8
 Animate Skeleton         Necr           Unusable   N/A       N/A         1
 Summon Small Mammal      Summ           Unusable   N/A       N/A         1
 Call Imp                 Summ           Unusable   N/A       N/A         2
 Animate Armour           Summ/Erth      Unusable   N/A       N/A         4
 Simulacrum               Ice/Necr       Unusable   N/A       N/A         6

Dungeon Overview and Level Annotations

Branches:
Dungeon (15/15)            Temple (0/1) D:7            Lair (6/6) D:8
 Shoals (4/4) Lair:4       Spider (0/4) Lair:3        Slime (0/5) Lair:5
    Orc (2/2) D:9             Elf (0/3) Orc:2        Vaults (0/5) D:14
 Depths (0/4) D:15         Bailey (visited)         Gauntlet (visited)

Altars:
Dithmenos
Fedhas
Hepliaklqana
Kikubaaqudgha
Makhleb
Okawaru
Qazlal
Ru
Uskayaw
Wu Jian
Yredelemnul
Zin
Beogh
Jiyva

Shops:
D:1 [   D:3 !   D:11 [!(   Orc:1 *   Orc:2 [[*:*

Portals:
Abyss: D:15
Trove: D:12 (give 2 scrolls of acquirement)

Annotations:
Orc:2 Casa


Innate Abilities, Weirdness & Mutations

You have a pair of horns on your head.
You reflexively headbutt those who attack you in melee.


Message History

The merfolk aquamancer shouts!
The merfolk javelineer is no longer covered in acid.
The merfolk javelineer throws a javelin.
The javelin closely misses you.
The merfolk javelineer throws a javelin.
The javelin pierces through you!
* * * LOW HITPOINT WARNING * * *
Items here: ( ) [ ††.
You slice the merfolk javelineer!!
The merfolk javelineer looks as sick as possible!
You headbutt the merfolk javelineer!
The merfolk javelineer is heavily wounded.
You block the merfolk javelineer's attack.
Unknown command.
You hit the merfolk javelineer but do no damage.
The merfolk javelineer looks as sick as possible!
Your headbutt misses the merfolk javelineer.
The merfolk javelineer is heavily wounded.
You block the merfolk javelineer's attack.
The merfolk aquamancer hits you but does no damage.
Unknown command.
Your unstable footing causes you to fumble your attack.
The merfolk javelineer throws a javelin.
The javelin misses you.
You block the merfolk aquamancer's attack.
Unknown command.
You miss the merfolk javelineer. You headbutt the merfolk javelineer!
The merfolk javelineer is severely wounded.
Unknown command.
Your unstable footing causes you to fumble your attack.
The merfolk javelineer throws a javelin.
The javelin pierces through you!
* * * LOW HITPOINT WARNING * * *
You block the merfolk aquamancer's attack.
Unknown command.
You feel much better. The merfolk javelineer misses you.
You furiously retaliate!
You headbutt the merfolk javelineer!
The merfolk aquamancer points at you and mumbles some strange words.
The shard of ice hits you!!
You die...

≈≈..........≈≈≈≈≈≈≈≈≈≈≈≈
≈≈≈≈.......≈≈≈≈≈≈≈≈≈≈≈≈≈
###≈≈......≈≈≈≈≈≈≈≈≈≈≈≈≈
≈≈≈#≈≈....≈≈≈≈≈≈≈≈≈≈≈≈≈≈
≈≈#≈#≈≈≈≈≈≈≈†≈≈≈≈≈≈≈≈≈≈≈
≈≈≈#≈#≈≈≈≈≈≈≈≈≈≈≈≈≈≈≈≈≈≈
#≈≈≈≈#≈≈≈≈≈≈≈≈≈≈≈≈≈≈≈≈≈≈
##≈≈≈#≈mm≈≈...≈≈≈≈≈ Xm#≈
#≈@≈......≈≈≈≈ ≈≈
#≈≈).......≈≈≈
##≈.).......≈≈≈
##...........≈≈≈
#.........######
≈≈≈≈P≈≈≈.......#..
≈≈≈≈PP≈≈≈.....#.#..
≈≈≈≈P≈PP≈....#.#..≈
≈≈≈P≈≈PP≈...P#...≈


You could see a merfolk javelineer (extremely poisoned) and a merfolk
aquamancer.

Vanquished Creatures
  A tentacled monstrosity (D:15)
  Jorgrun (D:13)
  Polyphemus (Shoals:3)
  Donald (Orc:2)
  Kirke (Shoals:1)
  Agnes (D:14)
  2 tentacled starspawn (D:15)
  The ghost of MadAsgardian the Grappler, a journeyman TrMo of Makhleb (D:15)
  Louise (Shoals:4)
  Nessos (Lair:5)
  Azrael (D:14)
  A minotaur (Gauntlet)
  6 merfolk impalers
  3 merfolk javelineers
  A fire dragon (Lair:6)
  An ice dragon (D:14)
  2 vault guards (Bailey)
  A boulder beetle (D:12)
  12 hydras
  2 spriggan zombies (D:15)
  Fannar (Lair:2)
  2 merfolk avatars (Shoals:4)
  A death knight (D:15)
  3 merfolk aquamancers
  2 catoblepae
  2 centaur warriors (D:14)
  An alligator snapping turtle (Shoals:2)
  11 death yaks
  8 two-headed ogres
  2 satyrs (Shoals:3)
  Sonja (Lair:1)
  3 tengu warriors
  Urug (Lair:2)
  A fire crab (shapeshifter) (D:13)
  A wretched star (D:15)
  A storm dragon zombie (D:15)
  A fire crab (Lair:6)
  12 sea snakes
  A glowing orange brain (D:15)
  A flayed ghost (D:15)
  Pikel (D:5)
  15 harpies
  2 necromancers
  2 deep elf zephyrmancers (D:14)
  A deep elf pyromancer (D:12)
  3 oklob plants
  A wizard (D:14)
  4 orc knights
  4 orc sorcerers
  4 cyclopes
  8 slime creatures
  17 fauns
  5 manticores
  15 ugly things
  A moth of wrath (Gauntlet)
  An iron dragon skeleton (D:15)
  A worldbinder (D:15)
  11 black mambas
  3 merfolk sirens
  9 elephants
  3 water nymphs
  5 molten gargoyles
  6 gargoyles
  2 torpor snails
  An eye of devastation (Gauntlet)
  2 minotaur zombies (Gauntlet)
  17 cane toads
  5 rime drakes
  4 kobold demonologists
  13 komodo dragons
  2 guardian mummies (D:15)
  3 tengu conjurers
  2 trolls (shapeshifter) (D:14)
  3 wind drakes
  6 trolls
  18 merfolk
  2 meliai
  2 polar bears
  A raiju (D:15)
  9 snapping turtles
  A hornet (D:9)
  Prince Ribbit (Bailey)
  5 blink frogs (Lair:2)
  10 dream sheep
  2 vampires (D:14)
  48 yaks
  14 water elementals
  4 fire elementals (D:14)
  2 wraiths
  4 wyverns
  4 hogs
  5 basilisks
  8 humans
  4 steam dragons
  5 wargs
  Menkaure (D:5)
  2 vampire mosquitoes (D:12)
  An acid dragon (D:14)
  17 water moccasins
  A floating eye (Gauntlet)
  6 hell hounds
  35 orc warriors
  An ice beast (D:7)
  3 sky beasts
  8 black bears
  9 wolves
  A necrophage (D:5)
  4 ogres
  2 phantoms
  A lemure (D:5)
  12 centaurs
  7 kobold brigands
  18 bullfrogs
  2 scorpions
  2 gnoll sergeants
  A water moccasin zombie (D:5)
  13 killer bees
  9 wights
  2 howler monkeys
  4 lava snakes (Lair:6)
  2 bullfrog zombies (D:5)
  3 hounds
  5 centaur zombies
  Crazy Yiuf (D:6)
  8 orc priests
  A gnoll shaman (D:5)
  A jelly (D:4)
  3 bullfrog skeletons
  4 centaur skeletons
  4 iguanas
  22 orc wizards
  3 killer bee zombies
  A howler monkey zombie (D:7)
  11 gnolls
  6 adders
  2 white imps
  2 ufetubi (D:5)
  4 worms
  3 dart slugs
  89 orcs
  8 endoplasms
  6 giant cockroaches
  9 goblins
  9 hobgoblins
  2 jackals (D:4)
  26 kobolds
  5 quokkas
  10 ball pythons
  7 bats
  2 frilled lizards
  5 rats
  2 starspawn tentacles (D:15)
856 creatures vanquished.

Vanquished Creatures (others)
  A manticore (Shoals:1)
  A black mamba (Lair:6)
  A wyvern (Lair:6)
  A phantom (D:5)
  A howler monkey (D:12)
  46 fungi
  72 plants
  5 starspawn tentacles (D:15)
  A withered plant (D:15)
129 creatures vanquished.

Grand Total: 985 creatures vanquished

Notes
Turn   | Place    | Note
-------+----------+-------------------------------------------
     0 | D:1      | Peloso the Minotaur Fighter began the quest for the Orb.
     0 | D:1      | Reached XP level 1. HP: 19/19 MP: 0/0
   196 | D:1      | Found Webratirch's Antique Armour Emporium.
   332 | D:1      | Reached XP level 2. HP: 27/27 MP: 1/1
   415 | D:1      | Reached skill level 4 in Shields
   801 | D:1      | Found a faded altar of an unknown god.
  1124 | D:2      | Reached XP level 3. HP: 31/33 MP: 2/2
  1272 | D:2      | You fall into a shaft and drop 2 floors!
  2027 | D:2      | Identified a scroll of acquirement
  2131 | D:3      | Reached XP level 4. HP: 34/40 MP: 3/3
  2617 | D:3      | Found Enuawuh's Distillery.
  2620 | D:3      | Bought a potion of curing for 33 gold pieces
  2620 | D:3      | Bought a potion of heal wounds for 55 gold pieces
  2670 | D:3      | Found an ancient bone altar of Kikubaaqudgha.
  2833 | D:3      | Found a sacrificial altar of Ru.
  2926 | D:4      | Reached skill level 1 in Dodging
  3198 | D:4      | Reached XP level 5. HP: 43/46 MP: 4/4
  3207 | D:4      | Noticed a black bear
  3215 | D:4      | Killed a black bear
  3222 | D:4      | Reached skill level 5 in Armour
  3222 | D:4      | Reached XP level 6. HP: 34/53 MP: 5/5
  3361 | D:4      | Found a stormy altar of Qazlal.
  3384 | D:4      | Reached skill level 5 in Long Blades
  3522 | D:4      | Identified the +1 spear of Excruciating Pain {drain, rC+
                  | Will+ Int-3 SInv}
  3648 | D:4      | Reached skill level 1 in Stealth
  4025 | D:4      | Found a burning altar of Makhleb.
  4025 | D:4      | Found a shadowy altar of Dithmenos.
  4046 | D:4      | Reached XP level 7. HP: 60/60 MP: 6/6
  4382 | D:5      | Entered Level 5 of the Dungeon
  4459 | D:5      | Reached skill level 5 in Fighting
  4518 | D:5      | Reached skill level 5 in Shields
  4596 | D:5      | Noticed Pikel
  4614 | D:5      | Killed Pikel
  4615 | D:5      | Reached XP level 8. HP: 42/70 MP: 7/7
  4616 | D:5      | Noticed Menkaure
  4627 | D:5      | Killed Menkaure
  5430 | D:5      | Reached XP level 9. HP: 79/79 MP: 8/8
  5708 | D:5      | Noticed a two-headed ogre
  5711 | D:5      | Reached skill level 10 in Long Blades
  5722 | D:5      | Killed a two-headed ogre
  5723 | D:5      | Reached skill level 6 in Shields
  5767 | D:5      | Identified the +3 plate armour of Past Mistakes {-Tele +Inv
                  | rElec rPois}
  7115 | D:6      | Found a runed translucent door.
  7116 | D:6      | Noticed Crazy Yiuf
  7121 | D:6      | Killed Crazy Yiuf
  7548 | D:7      | Reached skill level 7 in Shields
  7548 | D:7      | Reached XP level 10. HP: 71/90 MP: 9/9
  7640 | D:7      | Found a staircase to the Ecumenical Temple.
  7715 | D:7      | Found an iron altar of Okawaru.
  7717 | D:7      | Found an ornate altar of the Wu Jian Council.
  7728 | D:7      | Found a basalt altar of Yredelemnul.
  7734 | D:7      | Became a worshipper of Warmaster Okawaru
  8265 | D:8      | Found a flagged portal.
  8275 | Bailey   | Entered a bailey
  8340 | Bailey   | Reached * piety under Okawaru
  8702 | Bailey   | Noticed Prince Ribbit
  8723 | Bailey   | Killed Prince Ribbit
  8724 | Bailey   | Reached skill level 8 in Shields
  8731 | Bailey   | Noticed a vault guard
  8771 | Bailey   | Killed a vault guard
  8984 | Bailey   | Noticed a vault guard
  9001 | Bailey   | Killed a vault guard
  9001 | Bailey   | Reached ** piety under Okawaru
  9467 | D:8      | Reached XP level 11. HP: 88/99 MP: 7/10
  9477 | D:8      | Reached skill level 9 in Shields
  9496 | D:8      | Found a staircase to the Lair.
  9898 | D:8      | Reached skill level 1 in Evocations
 10337 | D:8      | Reached skill level 10 in Fighting
 11078 | D:9      | Noticed a two-headed ogre
 11084 | D:9      | Killed a two-headed ogre
 11084 | D:9      | Reached *** piety under Okawaru
 11085 | D:9      | Reached skill level 1 in Invocations
 11207 | D:9      | Reached skill level 10 in Armour
 11296 | D:9      | Identified the +5 short sword of Jeanen {vorpal, Fragile
                  | rElec Str+6 Dex+2}
 11635 | D:9      | Found a staircase to the Orcish Mines.
 11808 | D:10     | Entered Level 10 of the Dungeon
 11840 | D:10     | Noticed a purple ugly thing
 11847 | D:10     | Killed a purple ugly thing
 12022 | D:10     | Identified the +8 flail of Yeast {vamp, rElec rN+ Int-4}
 12397 | D:10     | Found a hazy altar of Hepliaklqana.
 12494 | D:11     | Reached **** piety under Okawaru
 12495 | D:11     | Reached skill level 10 in Shields
 12504 | D:11     | Found Guepau's Antique Armour Shoppe.
 12531 | D:11     | Noticed a two-headed ogre
 12546 | D:11     | Killed a two-headed ogre
 12649 | D:11     | Found a shadowy altar of Dithmenos.
 12988 | D:11     | Found Ymu Xedd's Distillery.
 13000 | D:11     | Bought a potion of degeneration for 13 gold pieces
 13013 | D:11     | Bought a potion of mutation for 104 gold pieces
 13208 | D:11     | Found Poezxox's Antique Weapon Shoppe.
 13368 | D:11     | Found a hide-covered altar of Uskayaw.
 13369 | D:11     | Noticed a tengu warrior
 13379 | D:11     | Killed a tengu warrior
 13581 | Lair:1   | Entered Level 1 of the Lair of Beasts
 13639 | Lair:1   | Reached ***** piety under Okawaru
 13804 | Lair:1   | Reached XP level 12. HP: 64/110 MP: 12/12
 14066 | Lair:1   | You fall into a shaft and drop 1 floor!
 14075 | Lair:2   | Noticed Fannar
 14094 | Lair:2   | Reached skill level 11 in Shields
 14144 | Lair:2   | Killed Fannar
 14504 | Lair:2   | Identified the +1 plate armour "Rennostry" {rElec} (Okawaru
                  | gifted it to you on level 2 of the Lair of Beasts)
 14504 | Lair:2   | Received a gift from Okawaru
 14631 | Lair:2   | Noticed Urug
 14645 | Lair:2   | Killed Urug
 14654 | Lair:2   | Reached skill level 12 in Shields
 14840 | Lair:2   | Reached skill level 15 in Long Blades
 15193 | Lair:2   | Found the +4 skin of Zhor {*Englaciate rC+++ SInv}
 15505 | Lair:1   | Noticed Sonja
 15513 | Lair:1   | Killed Sonja
 15523 | Lair:1   | Noticed a five-headed hydra
 15537 | Lair:1   | Killed a five-headed hydra
 15832 | Lair:1   | Noticed a six-headed hydra
 15847 | Lair:1   | Killed a six-headed hydra
 15848 | Lair:1   | Reached XP level 13. HP: 75/118 MP: 11/13
 16579 | Lair:3   | Reached skill level 5 in Dodging
 16588 | Lair:3   | Reached skill level 13 in Shields
 16627 | Lair:3   | Found a hole to the Spider Nest.
 16632 | Lair:3   | Reached skill level 1 in Staves
 16707 | Lair:3   | Identified the +10 double sword "Gegeo" {venom, Int+10}
                  | (Okawaru gifted it to you on level 3 of the Lair of Beasts)
 16707 | Lair:3   | Received a gift from Okawaru
 17856 | Lair:4   | Found a staircase to the Shoals.
 18627 | Lair:4   | Found a blossoming altar of Fedhas.
 19466 | D:12     | Received a gift from Okawaru
 19495 | D:12     | Found a gate leading to a gauntlet.
 19515 | Gauntlet | Entered a Gauntlet
 19515 | Gauntlet | Found a transporter.
 19515 | Gauntlet | Found a transporter.
 19532 | Gauntlet | Found a transporter.
 19536 | Gauntlet | Found a transporter.
 19552 | Gauntlet | Found a transporter.
 19554 | Gauntlet | Found a transporter.
 19566 | Gauntlet | Noticed a quicksilver ooze
 19568 | Gauntlet | Found a transporter.
 19589 | Gauntlet | Found a transporter.
 19604 | Gauntlet | Found a transporter.
 19604 | Gauntlet | Found a transporter.
 19608 | Gauntlet | Found a transporter.
 19611 | Gauntlet | Found a transporter.
 19799 | Gauntlet | Paralysed by a floating eye for 2 turns
 19808 | Gauntlet | Paralysed by a floating eye for 3 turns
 20020 | Gauntlet | Reached skill level 14 in Shields
 20039 | Gauntlet | Identified the ring "Witaugit" {Int+6 Dex+8 Slay+3}
 20281 | Gauntlet | Noticed a minotaur
 20293 | Gauntlet | Killed a minotaur
 20532 | D:12     | Found a portal to a secret trove of treasure.
 20700 | D:12     | Reached ****** piety under Okawaru
 20710 | D:12     | Reached XP level 14. HP: 120/129 MP: 14/14
 21414 | Lair:5   | Noticed Nessos
 21419 | Lair:5   | Killed Nessos
 21531 | Lair:5   | Received a gift from Okawaru
 21775 | Lair:5   | Found a staircase to the Slime Pits.
 21775 | Lair:5   | Found a viscous altar of Jiyva.
 22477 | Orc:1    | Entered Level 1 of the Orcish Mines
 22577 | Orc:1    | Found Soickih's Gadget Gallery.
 22592 | Orc:1    | Reached skill level 15 in Shields
 22685 | Orc:2    | Entered Level 2 of the Orcish Mines
 22716 | Orc:2    | Paralysed by an orc sorcerer for 4 turns
 22716 | Orc:2    | Noticed Donald
 22727 | Orc:2    | Killed Donald
 22908 | Orc:2    | Found Vihy's Armour Shop.
 22933 | Orc:2    | Found a staircase to the Elven Halls.
 23574 | Orc:2    | Found Taffas's Assorted Antiques.
 23574 | Orc:2    | Found Elesit's Book Emporium.
 23576 | Orc:2    | Found Badiqim's Assorted Antiques.
 23578 | Orc:2    | Found Qutyeciu's Antique Armour Shop.
 23911 | Orc:2    | Bought a faintly glowing cloak for 304 gold pieces
 23911 | Orc:2    | Identified the +2 cloak "Forget-Me-Not" {Int+6} (You bought
                  | it in a shop on level 2 of the Orcish Mines)
 23923 | Orc:2    | Bought a fine chain mail for 304 gold pieces
 23923 | Orc:2    | Identified the +1 chain mail of Eternity {Int+5} (You
                  | bought it in a shop on level 2 of the Orcish Mines)
 24549 | D:13     | Received a gift from Okawaru
 24798 | D:14     | Noticed Jorgrun
 24811 | D:13     | Killed Jorgrun
 24953 | D:14     | Noticed Agnes
 24961 | D:14     | Killed Agnes
 25284 | D:14     | Noticed Azrael
 25304 | D:14     | Killed Azrael
 25310 | D:14     | Reached XP level 15. HP: 46/139 MP: 13/15
 25625 | D:14     | Reached skill level 16 in Shields
 26539 | D:14     | Found a gate to the Vaults.
 26628 | D:14     | Received a gift from Okawaru
 26929 | D:15     | Entered Level 15 of the Dungeon
 26995 | D:15     | Found a staircase to the Depths.
 27369 | D:15     | Found a transporter.
 27374 | D:15     | Noticed a tentacled starspawn
 27378 | D:15     | Found a transporter.
 27378 | D:15     | Found a one-way gate to the infinite horrors of the Abyss.
 27378 | D:15     | Noticed MadAsgardian's ghost (journeyman TrMo)
 27393 | D:15     | Noticed a tentacled monstrosity
 27773 | D:15     | Identified the +6 scimitar "Icoddem" {freeze, *Rage rCorr
                  | Str+3}
 27930 | D:15     | Identified the +5 hand axe of Anger {freeze, Will+}
                  | (Okawaru gifted it to you on level 15 of the Dungeon)
 27930 | D:15     | Received a gift from Okawaru
 27934 | D:15     | Reached skill level 17 in Shields
 28273 | D:15     | Found a glowing silver altar of Zin.
 28469 | D:15     | Noticed a tentacled starspawn
 28503 | D:15     | Killed a tentacled starspawn
 28504 | D:15     | Reached skill level 15 in Fighting
 28518 | D:15     | Killed a tentacled monstrosity
 28539 | D:15     | Killed a tentacled starspawn
 28551 | D:15     | Killed MadAsgardian's ghost
 28551 | D:15     | Received a gift from Okawaru
 29090 | Lair:6   | Entered Level 6 of the Lair of Beasts
 29216 | Lair:6   | Reached skill level 15 in Armour
 29618 | Lair:6   | Received a gift from Okawaru
 29848 | Lair:6   | Reached XP level 16. HP: 148/149 MP: 17/17
 29871 | Lair:6   | Found a large runed translucent door.
 29871 | Lair:6   | Found a large runed translucent door.
 30398 | Lair:6   | Reached skill level 18 in Shields
 30567 | Shoals:1 | Entered Level 1 of the Shoals
 30752 | Shoals:1 | Noticed Kirke
 31089 | Shoals:1 | Killed Kirke
 32592 | Shoals:2 | Reached skill level 19 in Shields
 32936 | Shoals:2 | Received a gift from Okawaru
 34498 | Shoals:3 | Received a gift from Okawaru
 34545 | Shoals:3 | Noticed Polyphemus
 35180 | Shoals:3 | Killed Polyphemus
 35821 | Shoals:4 | Entered Level 4 of the Shoals
 35851 | Shoals:4 | Noticed Louise
 35877 | Shoals:4 | Killed Louise
 36102 | Shoals:4 | Reached XP level 17. HP: 131/160 MP: 18/18
 36168 | Shoals:4 | Received a gift from Okawaru
 36606 | Shoals:4 | Noticed a kraken
 36621 | Shoals:4 | Reached skill level 20 in Shields
 36670 | Shoals:4 | HP: 5/161 [merfolk javelineer/javelin (6)]
 36678 | Shoals:4 | HP: 4/161 [merfolk javelineer/javelin (14)]
 36679 | Shoals:4 | Killed from afar by a merfolk aquamancer

Illustrated notes

Levels and vault maps discovered:
D:1:      saegor_arrival_fortress, layout_basic, serial_shops,
          nicolae_shop_stone, hellmonk_ecumenical_altar_arch_garden,
          minmay_vboxes
D:2:      layout_loops_ring
D:3:      layout_basic, nicolae_ru_path_of_blood, kiku_gazebo_garden_becter,
          serial_shops, nicolae_shop_behind_doors
D:4:      layout_loops_ring, mainiacjoe_overflow_large_starburst,
          nicolae_qazlal_eye_of_the_storm
D:5:      layout_loops_corners, nzn_random_ring, uniq_pikel, uniq_menkaure
D:6:      layout_loops_ring, uniq_crazy_yiuf_cottage
D:7:      layout_basic, grunt_temple_overflow_open,
          minmay_temple_entry_glassed_door
D:8:      layout_loops_corners, erik_lair_orcish_takeover, special_room
          [special_room_orc], enter_bailey_2
D:9:      layout_gridville, david_orc_2, minmay_misc_feat_ornament, minivault_23
D:10:     layout_loops_ring, mainiacjoe_overflow_surrounded_room,
          serial_bayou_crossing
D:11:     layout_cross, serial_shops, nicolae_square_shop, nicolae_shop_crystal,
          nicolae_stop_n_shop_2, hangedman_feature_mirror,
          hangedman_abyss_or_decor_stagger
D:12:     layout_rooms, gauntlet_entry_generic, enter_trove_2
D:13:     layout_roguey
D:14:     layout_rooms, david_vaults_1, hangedman_abyss_or_decor_clamps,
          onia_ninara_dug_in_and_dangerous, uniq_azrael, uniq_agnes,
          uniq_jorgrun
D:15:     gammafunk_depths_entry_grave, layout_long_grid,
          gammafunk_ghost_abyssal_escape, minmay_misc_feat_chi, zin_angel
Lair:1:   layout_chaotic_city, beast_lair_carwin_10, grunt_megastairs_1,
          uniq_sonja
Lair:2:   layout_loops_ring, hellmonk_guarded_unrand_zhor, uniq_urug,
          uniq_fannar
Lair:3:   layout_long_grid, hellmonk_spider_entry_not_the_bees
Lair:4:   layout_cave_pods, minmay_shoals_entry_beasts,
          cheibrodos_lair_caveside_slide, hangedman_tree_tricks, minivault_19
Lair:5:   layout_gridlike, slime_altar_1, lemuel_fruit_tree, uniq_nessos
Lair:6:   cheibrodos_lair_end_hotspot, layout_cave_shapes
Shoals:1: layout_shoals, uniq_kirke
Shoals:2: layout_shoals
Shoals:3: cheibrodos_shoals_satyrical_garden, layout_shoals, uniq_polyphemus
Shoals:4: shoals_end_hangedman, layout_shoals, uniq_louise
Orc:1:    layout_caves, basic_altar, nicolae_shop_gadgets
Orc:2:    st_orc_rangers, layout_caves, serial_shops, shop, uniq_donald

Skill      XL: |  1  2  3  4  5  6  7  8  9 10 11 12 13 14 15 16 17 |
---------------+----------------------------------------------------+-----
Shields        | 4 5 7 8 10 12 14 15 17 19 20 | 20.1
Armour         | 4 5 6 7 8 9 10 12 13 14 15 16 | 16.5
Fighting       | 4 5 7 8 9 11 12 13 14 15 16 17 | 17.0
Long Blades    | 3 4 5 7 9 11 12 14 15 16 17 18 19 | 19.5
Dodging        | 1 2 3 4 5 6 |  6.4
Stealth        | 1 2 3 |  3.8
Evocations     | 1 2 |  2.0
Invocations    | 1 2 3 |  3.2
Staves         | 2 |  2.0

Action                   |  1- 3 |  4- 6 |  7- 9 | 10-12 | 13-15 | 16-18 || total
-------------------------+-------+-------+-------+-------+-------+-------++-------
Melee: Long sword        |   116 |   126 |   151 |       |       |       ||   393
       Headbutt          |    14 |    23 |    49 |   174 |   259 |   100 ||   619
       Falchion          |       |       |   167 |   745 |    65 |       ||   977
       Staff             |       |       |       |    21 |    10 |       ||    31
       Double sword      |       |       |       |       |   827 |   466 ||  1293
Invok: Heroism           |       |       |       |    20 |    17 |     6 ||    43
Evoke: Wand              |       |       |     3 |     9 |     4 |     1 ||    17
  Use: Scroll            |     3 |       |     6 |     1 |     2 |     1 ||    13
       Potion            |     1 |     2 |       |     2 |     1 |     5 ||    11
 Stab: Paralysed         |       |       |       |     2 |     1 |       ||     3
       Petrified         |       |       |       |       |       |     1 ||     1
Armor: Scale mail        |    61 |    40 |       |       |       |       ||   101
       Plate armour      |       |     5 |   173 |   105 |   196 |   162 ||   641
       Chain mail        |       |       |       |   196 |   143 |       ||   339
Dodge: Dodged            |    58 |    55 |    66 |   168 |   235 |   141 ||   723
Block: Buckler           |    35 |    36 |    98 |   373 |   270 |       ||   812
       Reflection        |       |       |       |     5 |    60 |    46 ||   111
       Kite shield       |       |       |       |       |   548 |   540 ||  1088
